 Dungeon Crawl Stone Soup version 0.28.0 (webtiles) character file.

Game seed: 792631512114604220

38 pkoi the Conjurer (level 3, -1/26 HPs)
             Began as a Draconian Conjurer on Feb 11, 2022.
             Slain by a scorpion (8 damage)
             ... on level 3 of the Dungeon.
             The game lasted 00:02:38 (2125 turns).

pkoi the Conjurer (Draconian Conjurer)              Turns: 2125, Time: 00:02:38

Health: -1/26      AC:  5    Str:  9    XL:     3   Next: 25%
Magic:  2/6        EV: 12    Int: 20    God:
Gold:   15         SH:  0    Dex:  9    Spells: 4/7 levels left

rFire   . . .      SeeInvis +   l - staff of poison
rCold   . . .      Faith    .   (no shield)
rNeg    . . .      Spirit   .   (armour unavailable)
rPois   +          Reflect  .   (helmet restricted)
rElec   .          Harm     .   (no cloak)
rCorr   .          Rampage  .   (no gloves)
Will    .....                   (no boots)
Stlth   ++........              (no amulet)
HPRegen 0.08/turn               d - ring of see invisible
MPRegen 0.10/turn               (no ring)

@: lethally poisoned (-1 -> -5)
A: AC +5, unfitting armour, cold-blooded
a: no special abilities


You were on level 3 of the Dungeon.
You visited 1 branch of the dungeon, and saw 3 of its levels.

You collected 15 gold pieces.

Inventory:

Hand Weapons
 b - a +0 club
 c - a +0 hand axe
 g - a +0 whip
Armour
 h - an orb of light
Magical Staves
 l - a staff of poison (weapon)
Jewellery
 d - a ring of see invisible (left hand)
Wands
 k - a wand of polymorph (14)
Scrolls
 e - a scroll of teleportation
 f - a scroll of identify
 i - 2 scrolls of immolation
Potions
 a - a potion of lignification
 j - 2 potions of flight


   Skills:
 - Level 1.7 Dodging
 - Level 1.7 Stealth
 + Level 2.5 Spellcasting
 * Level 4.8 Conjurations


You had 4 spell levels left.
You knew the following spells:

 Your Spells              Type           Power      Damage    Failure   Level
a - Magic Dart            Conj           84%        1d7       1%          1
b - Searing Ray           Conj           42%        2d6       3%          2

Your spell library contained the following spells:

 Spells                   Type           Power      Damage    Failure   Level
 Dazzling Flash           Conj/Hex       24%        N/A       17%         3
 Fulminant Prism          Conj/Hex       6%         3d7       50%         4
 Iskenderun's Mystic Bla  Conj/Tloc      12%        2d5       50%         4


Dungeon Overview and Level Annotations

Branches:
Dungeon (3/15)

Altars:

Annotations:
D:2 Terence


Innate Abilities, Weirdness & Mutations

Your plain brown scales are hard. (AC +5)
You cannot fit into any form of body armour.
You are cold-blooded and may be slowed by cold attacks.


Message History

The searing ray misses the scorpion.
The searing ray hits the kobold.
You kill the kobold!
The scorpion closely misses you.
Unknown command.
The searing ray hits the scorpion!
The scorpion is heavily wounded.
You finish channelling your searing ray.
The scorpion completely misses you.
Unknown command.
You hit the scorpion.
The scorpion is severely wounded.
The scorpion barely misses you. The scorpion closely misses you.
You closely miss the scorpion.
The scorpion is severely wounded.
The scorpion barely misses you.
You closely miss the scorpion.
The scorpion is severely wounded.
The scorpion stings you. The scorpion barely misses you.
You hit the scorpion but do no damage.
Your tail-slap misses the scorpion.
The scorpion is severely wounded.
The scorpion stings you.
You are poisoned.
The scorpion poisons you!
You hit the scorpion but do no damage.
The scorpion is severely wounded.
You feel very sick.
The scorpion stings you but does no damage.
The scorpion barely misses you.
You closely miss the scorpion.
The scorpion is severely wounded.
You feel very sick. The scorpion stings you.
* * * LOW HITPOINT WARNING * * *
You hit the scorpion but do no damage.
The scorpion is severely wounded.
You feel sick. The scorpion closely misses you.
You barely miss the scorpion.
The scorpion is severely wounded.
You feel sick. The scorpion stings you!
You die...

### ### ..# ... #.# #.#
#.# #.# ######### # #.#
#.# #........ #.#.# #.#
#........
..#.#.#.###.######........
...>.....)..s@...'........
..#.###.##########........
#.# #........ #s#
########........
..K.s............'........
.....g...#########........
.........# #<.............
.........# ###############
.........+


You could see a scorpion.

Vanquished Creatures
  A dart slug (D:1)
  A ball python (D:2)
  5 endoplasms
  A giant cockroach (D:1)
  7 goblins
  A hobgoblin (D:1)
  7 kobolds
  A quokka (D:3)
  5 bats
  2 frilled lizards (D:1)
  2 rats (D:1)
33 creatures vanquished.

Notes
Turn   | Place    | Note
-------+----------+-------------------------------------------
     0 | D:1      | pkoi the Draconian Conjurer began the quest for the Orb.
     0 | D:1      | Reached XP level 1. HP: 14/14 MP: 3/3
   370 | D:1      | Reached XP level 2. HP: 20/20 MP: 3/5
  1346 | D:1      | Found a faded altar of an unknown god.
  1630 | D:2      | Reached XP level 3. HP: 25/26 MP: 1/6
  1887 | D:2      | Noticed a phantom
  2004 | D:2      | Noticed Terence
  2082 | D:3      | Learned a level 2 spell: Searing Ray
  2105 | D:3      | Noticed a scorpion
  2125 | D:3      | Slain by a scorpion

Illustrated notes

Levels and vault maps discovered:
D:1:      ncdulo_lavacross, layout_loops_corners,
          dreamdust_ecumenical_altar_hidden_monk_grotto, serial_bayou_lagoon_b
D:2:      layout_rooms, uniq_terence
D:3:      layout_basic, uniq_robin

Action                   || total
-------------------------++-------
Melee: Hand axe          ||     3
       Tailslap          ||     2
       Unarmed           ||     1
       Staff             ||     8
 Cast: Magic Dart        ||    58
       Searing Ray       ||     1
  Use: Scroll            ||     4
Armor: Skin              ||     4
Dodge: Dodged            ||    10
